 Dungeon Crawl Stone Soup version 0.16-a0-3552-ge2e736f (webtiles) character file.

218 Stone the Cudgeler (level 5, -15/41 HPs)
             Began as a Mummy Fighter on Jan 9, 2015.
             Demolished by an ogre
             ... wielding a +0 giant spiked club
              (28 damage)
             ... on level 4 of the Dungeon.
             The game lasted 00:06:01 (3169 turns).

Stone the Cudgeler (Mummy Fighter)                  Turns: 3169, Time: 00:06:01

Health: -15/41     AC:  9    Str: 20    XL:     5   Next: 63%
Magic:  5/5        EV:  5    Int:  7    God:
Gold:   90         SH:  9    Dex: 11    Spells: 0 memorised, 4 levels left

rFire  x . .     SeeInvis .     a - +0 flail
rCold  + . .     Clarity  .     l - +0 chain mail
rNeg   + + +     SustAb   .     c - +1 shield
rPois  ∞         Gourm    .     (no helmet)
rElec  .         Spirit   .     n - +0 cloak
rCorr  .         Warding  .     (no gloves)
rMut   .         Stasis   .     (no boots)
MR     .....                    (no amulet)
Stlth  ..........               (no ring)
                                e - ring of wizardry

@: not resistant to hostile enchantments, extremely unstealthy
A: no food or potions, fire vulnerability, restore body, cold resistance 1,
negative energy resistance 3, poison resistance, torment resistance, unbreathing
a: no special abilities


You were on level 4 of the Dungeon.
You were not hungry.

You visited 1 branch of the dungeon, and saw 4 of its levels.

You collected 90 gold pieces.

Inventory:

Hand weapons
 a - a +0 flail (weapon)
 i - a +0 mace
Missiles
 j - 27 stones (quivered)
Armour
 b - a +0 scale mail
 c - a +1 shield (worn)
 l - a +0 chain mail (worn)
 n - a +0 cloak (worn)
 p - a +0 scale mail
Jewellery
 e - a ring of wizardry (left hand)
Magical devices
 o - a wand of confusion (18)
Scrolls
 d - a scroll of recharging
 f - a scroll of enchant armour
 g - a scroll of enchant weapon
 h - a scroll of noise
 m - a scroll of immolation


   Skills:
 - Level 3.0 Fighting
 + Level 4.9 Maces & Flails
 - Level 2.4 Armour
 - Level 2.4 Shields


You had 4 spell levels left.
You didn't know any spells.

Dungeon Overview and Level Annotations

Branches:
Dungeon (4/15)
 Temple: D:4-7

Altars:
The Shining One


Innate Abilities, Weirdness & Mutations

You do not eat or drink.
Your flesh is vulnerable to fire.
Your flesh is cold resistant.
You are immune to negative energy.
Your system is resistant to poisons.
You are immune to unholy pain and torment.
You can survive without breathing.


Message History

a club; a hobgoblin corpse HP restored.
An ogre comes into view. It is wielding a giant spiked club.
The ogre shouts!
Found a beef jerky.
You block the ogre's attack.
You sock the ogre!
The ogre is moderately wounded.
The ogre hits you with a giant spiked club!
Your chain mail prevents you from hitting the ogre.
The ogre is moderately wounded.
The ogre hits you with a giant spiked club!
You hit the ogre.
The ogre is heavily wounded.
The ogre hits you with a giant spiked club.
You sock the ogre!
The ogre is severely wounded.
The ogre hits you with a giant spiked club!!
Ouch! That really hurt!
You die...

######.# #.# #.#
#.# ##.########.
.######...........
.............^....
.######.........#
........@........
#######.O..?....#
#..........
#..........
#..........
#.........
#.####.%# #. ..


You could see an ogre.

Vanquished Creatures
  A worker ant (D:3)
  An iguana (D:3)
  An orc wizard (D:3)
  A gnoll (D:1)
  7 adders
  3 worms
  3 oozes
  5 orcs (D:3)
  2 giant cockroaches (D:3)
  5 goblins
  6 hobgoblins
  5 kobolds
  A ball python (D:3)
  3 bats
  3 giant newts
  9 rats
56 creatures vanquished.

Notes
Turn   | Place    | Note
--------------------------------------------------------------
     0 | D:1      | Stone, the Mummy Fighter, began the quest for the Orb.
     0 | D:1      | Reached XP level 1. HP: 18/18 MP: 1/1
    86 | D:1      | Reached XP level 2. HP: 24/24 MP: 2/2
   332 | D:1      | Reached XP level 3. HP: 4/29 MP: 3/3
  1296 | D:2      | Reached XP level 4. HP: 35/35 MP: 4/4
  1849 | D:2      | Found a glowing golden altar of the Shining One.
  1894 | D:3      | Reached skill level 4 in Maces & Flails
  2201 | D:3      | Reached XP level 5. HP: 41/41 MP: 5/5
  3162 | D:4      | Noticed an ogre
  3169 | D:4      | Demolished by an ogre

Action                   |  1- 3 |  4- 6 || total
-------------------------+-------+-------++-------
Melee: Flail             |   104 |    93 ||   197
Throw: Stone             |       |     9 ||     9
  Use: Scroll            |     3 |     5 ||     8
